AoeStats
← Don Cath!

Arena

506518113Analyzed
2v2 RM · 20d ago on Sep 13, 2026· 52m 42s· 4 players
Game mode
Random Map
Map size
Medium (4 player)
Population
200
Speed
Normal
Resources
Standard
Victory
Conquest
Starting age
Dark Age
Ending age
Imperial Age
RankedLock teamsTeams togetherTeam positionsShared explorationLock speedFull tech treeHidden civsTurbo modeCheats
Victory
Defeat
🇩🇪 Goths · Germany
1194
+16
🇲🇽 Jurchens · Mexico
1157
+17
🇧🇷 Portuguese · Brazil
1232
-18
🇧🇷 Franks · Brazil
1138
-15
Don Cath!
11:04 Feudal Age
14:33 Castle Age
12:47 Double-Bit Axe
12:44 Horse Collar
28:07 Imperial Age
25:48 Gold Mining
25:58 Heavy Plow
26:14 Bow Saw
26:32 Scale Mail Armor
26:43 Forging
27:19 Wheelbarrow
27:40 Squires
27:04 Pikeman
28:20 Hand Cart
28:12 Anarchy
29:12 Conscription
31:27 Chain Mail Armor
31:48 Iron Casting
31:25 Perfusion
31:53 Halberdier
32:49 Town Watch
32:50 Loom
34:59 Blast Furnace
34:59 Crop Rotation
34:38 Elite Huskarl
36:50 Two-Man Saw
37:09 Man-at-Arms
37:34 Long Swordsman
38:15 Two-Handed Swordsman
39:21 Masonry
38:58 Champion
44:46 Caravan
45:20 Coinage
47:05 Banking
47:27 Architecture
47:58 Chemistry
47:19 Ballistics
46:56 Murder Holes
48:37 Town Patrol
52:15 Capped Ram
Tezcatlipoca
9:27 Feudal Age
14:54 Castle Age
14:01 Double-Bit Axe
14:57 Gold Mining
28:22 Bow Saw
31:07 Scale Mail Armor
31:17 Forging
32:05 Arson
42:11 Imperial Age
44:47 Conscription
45:15 Wheelbarrow
47:10 Horse Collar
49:08 Padded Archer Armor
50:06 Heavy Plow
52:01 Two-Man Saw
51:26 Leather Archer Armor
51:31 Caravan
SirT_LeninBR
11:51 Feudal Age
15:57 Castle Age
14:37 Double-Bit Axe
20:20 Bow Saw
24:52 Horse Collar
28:53 Imperial Age
26:12 Loom
27:21 Heavy Plow
31:39 Scale Mail Armor
31:50 Forging
31:58 Man-at-Arms
32:57 Chain Mail Armor
33:24 Long Swordsman
35:36 Iron Casting
35:32 Plate Mail Armor
34:28 Two-Handed Swordsman
36:37 Wheelbarrow
36:12 Champion
36:59 Fletching
39:59 Blast Furnace
38:56 Bodkin Arrow
48:16 Gambesons
50:23 Crossbowman
52:21 Thumb Ring
Arqueiro Vermelho
0:28 Loom
12:58 Feudal Age
14:24 Wheelbarrow
16:50 Castle Age
15:56 Double-Bit Axe
18:05 Bow Saw
18:56 Man-at-Arms
23:06 Town Watch
33:05 Imperial Age
30:43 Stone Mining
31:58 Forging
31:51 Gold Mining
32:15 Husbandry
33:43 Town Patrol
35:14 Cavalier
38:30 Hand Cart
39:03 Conscription
39:36 Iron Casting
39:07 Scale Barding Armor
39:15 Elite Throwing Axeman
45:16 #83
45:26 Heavy Scorpion
48:31 Gold Shaft Mining
49:20 Blast Furnace
48:40 Chain Barding Armor
48:59 Paladin
52:25 Plate Barding Armor
Connection lost

Rejoining the realm…

Still unreachable

The connection could not be restored.

Session expired

The server has moved on; the page needs a fresh start.